 Dungeon Crawl Stone Soup version 0.31-a0-1338-gb567cfdca4 (webtiles) character file.

Game seed: 3988762752861893952

7615 jlumianski the Grappler (level 11, 0/83 HPs)
             Began as a Gnoll Shapeshifter on Dec 22, 2023.
             Was a Believer of Wu Jian.
             Slain by a brown very ugly thing (2 damage)
             ... on level 2 of the Abyss.
             The game lasted 00:41:17 (10100 turns).

jlumianski the Grappler (Gnoll Shapeshifter)       Turns: 10100, Time: 00:41:18

Health: 0/83       AC:  5    Str: 17    XL:     11   Next: 18%
Magic:  19/20      EV: 24    Int: 10    God:    Wu Jian [**....]
Gold:   322        SH:  0    Dex: 12    Spells: 10/22 levels left

rFire   x x .        E - melded +3 demon trident (drain)
rCold   x x .        (shield currently unavailable)
rNeg    + . .        g - melded +0 chain mail
rPois   +            S - +1 hat
rElec   .            R - +0 cloak {rPois}
rCorr   .            A - +0 pair of gloves
SInv    .            P - +1 pair of boots {rampage}
Will    .....        (no amulet)
Stlth   ++           o - +5 ring of evasion
HPRegen 0.33/turn    s - ring of positive energy
MPRegen 0.17/turn

%: no passive effects
@: flux-form, glowing
A: glow, contaminating, fangs 1, strong nose, distributed training,
([teleportitis 2]), [no potion heal 2], [cold vulnerability 2], [heat
vulnerability 2]
a: Begin Untransformation, Renounce Religion, Wall Jump


You were on level 2 of the Abyss.
You worshipped Wu Jian.
Wu Jian was pleased with you.
You were something dangerously unstable.
You visited 2 branches of the dungeon, and saw 11 of its levels.
You visited the Abyss 1 time.
You also visited: Sewer.

You collected 415 gold pieces.
You spent 93 gold pieces at shops.

Inventory:

Hand Weapons
 E - a +3 demon trident of draining (melded)
Missiles
 m - 18 poisoned darts (quivered)
 n - 4 javelins
 r - 10 boomerangs
 v - 6 curare-tipped darts
Armour
 a - a +0 animal skin
 g - a +0 chain mail (melded)
 j - a +0 pair of boots
 z - a +2 pair of boots
 A - a +0 pair of gloves (worn)
 F - a +2 robe of willpower
 L - a +2 leather armour of willpower
 P - a +1 pair of boots of rampaging (worn)
 R - a +0 cloak of poison resistance (worn)
 S - a +1 hat (worn)
Magical Staves
 D - a staff of earth
Jewellery
 o - a +5 ring of evasion (left hand)
 s - a ring of positive energy (right hand)
 y - the ring of Res Nullius {Ice *Slow Str+2 Stlth+}
   (You found it in a sewer)

   [ring of ice]

   Ice:       It enhances your ice magic.
   Str+2:     It affects your strength (+2).
   rF-:       It makes you vulnerable to fire.
   rC+:       It protects you from cold.
   *Slow:     It may slow you when you take damage.
   Stlth+:    It makes you more stealthy.
 T - a ring of ice
Talismans
 c - a beast talisman
 d - a flux talisman (active)
Wands
 M - a wand of acid (8)
 N - a wand of flame (26)
 Q - a wand of mindburst (9)
 U - a wand of polymorph (5)
Scrolls
 i - a scroll of noise
 k - 5 scrolls of vulnerability
 l - 2 scrolls of amnesia
 t - 2 scrolls of poison
 u - a scroll of teleportation
 C - a scroll of immolation
 G - a scroll of revelation
 K - a scroll of fog
 O - a scroll of fear {unknown}
 W - a scroll of enchant weapon
Potions
 b - a potion of lignification
 e - a potion of attraction
 f - a potion of mutation
 h - a potion of might
 p - a potion of cancellation {unknown}
 q - 2 potions of haste
 w - a potion of degeneration {unknown}
 x - a potion of brilliance {unknown}
 B - 2 potions of heal wounds
 H - a potion of invisibility {unknown}
 I - a potion of enlightenment {unknown}
 J - a potion of curing
 V - 4 potions of ambrosia


   Skills:
 + Level 6.8 Fighting
 + Level 6.2 Short Blades
 + Level 6.2 Long Blades
 + Level 6.2 Axes
 + Level 6.2 Maces & Flails
 + Level 6.2 Polearms
 + Level 6.2 Staves
 + Level 6.2 Ranged Weapons
 + Level 6.2 Throwing
 + Level 6.2 Armour
 + Level 7.8 Dodging
 + Level 6.2 Stealth
 + Level 6.2 Shields
 + Level 9.2 Unarmed Combat
 + Level 6.2 Spellcasting
 + Level 5.2 Conjurations
 + Level 5.2 Hexes
 + Level 5.2 Summonings
 + Level 5.2 Necromancy
 + Level 5.2 Translocations
 + Level 5.2 Fire Magic
 + Level 5.2 Ice Magic
 + Level 5.2 Air Magic
 + Level 5.2 Earth Magic
 + Level 5.2 Alchemy
 + Level 6.9 Invocations
 + Level 6.2 Evocations
 + Level 8.8 Shapeshifting


You had 10 spell levels left.
You knew the following spells:

 Your Spells              Type           Power      Damage    Failure   Level
a - Mephitic Cloud        Conj/Alch/Air  13%        N/A       7%          3
b - Call Canine Familiar  Summ           13%        N/A       7%          3
c - Summon Guardian Gole  Hex/Summ       13%        N/A       7%          3
d - Dazzling Flash        Conj/Hex       26%        N/A       7%          3

Your spell library contained the following spells:

 Spells                   Type           Power      Damage    Failure   Level
 Magic Dart               Conj           52%        1d5       2%          1
 Slow                     Hex            52%        N/A       2%          1
 Summon Small Mammal      Summ           52%        N/A       2%          1
 Searing Ray              Conj           26%        2d5       3%          2
 Confusing Touch          Hex            13%        N/A       7%          3
 Frozen Ramparts          Ice            26%        1d4       7%          3
 Fugue of the Fallen      Necr           13%        N/A       7%          3
 Ozocubu's Armour         Ice            13%        N/A       7%          3
 Sigil of Binding         Hex            13%        N/A       7%          3
 Vampiric Draining        Necr           13%        2d6       7%          3
 Fulminant Prism          Conj/Alch      6%         3d7       24%         4
 Leda's Liquefaction      Alch/Erth      6%         N/A       24%         4
 Manifold Assault         Tloc           13%        N/A       24%         4
 Petrify                  Alch/Erth      13%        N/A       24%         4
 Vhi's Electric Charge    Tloc/Air       26%        N/A       24%         4
 Agony                    Necr           13%        N/A       54%         5
 Arcjolt                  Conj/Air       6%         1d16      54%         5
 Metabolic Englaciation   Hex/Ice        6%         N/A       54%         5
 Silence                  Hex/Air        6%         N/A       54%         5
 Orb of Destruction       Conj           6%         9d6       100%        7
 Spellforged Servitor     Conj/Summ      6%         N/A       100%        7
 Maxwell's Capacitive Co  Air            6%         ∞         100%        8


Dungeon Overview and Level Annotations

Branches:
Dungeon (10/15)            Temple (1/1) D:5           Sewer (visited)
   Lair: D:8-11         Orc: D:9-12

Altars:
Ashenzari
Cheibriados
Elyvilon
Fedhas
Gozag
Hepliaklqana
Kikubaaqudgha
Makhleb
Nemelex Xobeh
Okawaru
Qazlal
Sif Muna
Trog
Vehumet
Wu Jian
Xom
Yredelemnul
Zin

Shops:
D:2 :   D:6 =   D:8 *   D:9 [

Annotations:
D:9 Erolcha


Innate Abilities, Weirdness & Mutations

You are something dangerously unstable.
You glow with magical radiation, making you easy to see and hit.
Foes you strike become dangerously contaminated with magical radiation.
You are incapable of wielding weapons or throwing items.
You have very sharp teeth.
Your uncanny sense of smell can sniff out nearby items.
Your experience applies equally to all skills.
[((You are often teleported next to monsters.))]
[Potions cannot restore your health.]
[You are very vulnerable to cold. (rC--)]
[You are very vulnerable to heat. (rF--)]


Message History

A large abomination comes into view.
Aiming: Wall Jump
Press: ? - help, Dir - move target You repeatedly attack the purple very ugly thing from above.
You hit the purple very ugly thing but do no damage.
The purple very ugly thing glows dangerously bright.
The purple very ugly thing is moderately wounded.
You hit the purple very ugly thing.
The purple very ugly thing shudders as magic cascades through it!!
The purple very ugly thing basks in the mutagenic energy and changes!
The green very ugly thing is severely wounded.
You hit the green very ugly thing but do no damage.
The green very ugly thing begins to glow.
You bite the green very ugly thing, but do no damage.
The green very ugly thing is severely wounded.
The green very ugly thing closely misses you.
The green very ugly thing tentacle-slaps you but does no damage.
The large abomination completely misses you.
Aiming: Wall Jump
Press: ? - help, Dir - move target A brown ugly thing and an ancient zyme come into view.
You repeatedly attack the brown very ugly thing from above.
The brown ugly thing gurgles horribly!
You hit the brown very ugly thing.
The brown very ugly thing begins to glow.
The brown very ugly thing is lightly wounded.
You barely miss the brown very ugly thing.
The brown very ugly thing is lightly wounded.
You repeatedly attack the large abomination from above.
You barely miss the large abomination.
You bite the large abomination, but do no damage.
You hit the large abomination but do no damage.
The large abomination begins to glow.
You hear a horrible gurgling sound!
The brown very ugly thing tail-slaps you but does no damage.
The large abomination hits you!!
* * * LOW HITPOINT WARNING * * *
A brown ugly thing comes into view.
The brown very ugly thing tail-slaps you.
You die...

#. . # .# .# # .#
. #.#.. .# .#### #
#..#..###....#..
... #○○∩#... #
###.##p###.##.#...
#...uu○Xu........#
#..u##.....###.
#... ####### .....
...# . . # ... .#
.##


You could see 2 very ugly things, 2 ugly things and a large abomination
(contam).

Vanquished Creatures
  A wretched star (Abyss:2)
  A queen bee (D:9)
  5 yaks (D:9)
  2 wyverns
  The ghost of Jose the Shield-Bearer, an amateur FoFi (D:3)
  Menkaure (D:7)
  Duvessa (D:7)
  Pargi (Sewer)
  3 black bears
  2 ice beasts (D:7)
  3 sky beasts
  A centaur (D:8)
  2 ogres
  Blork the orc (D:5)
  2 kobold brigands
  2 bullfrogs
  A gnoll sergeant (D:9)
  2 scorpions (D:5)
  8 wights
  Dowan (D:7)
  32 killer bees
  3 howler monkeys
  A jelly (Sewer)
  2 gnoll boudas (D:7)
  2 orc priests (D:4)
  A hound (D:6)
  2 sleepcaps (D:6)
  2 iguanas
  Natasha (thrice) (D:2)
  14 gnolls
  8 adders
  2 river rats (D:4)
  2 shadow imps
  2 white imps (D:7)
  2 worms (D:2)
  2 dart slugs
  13 orcs
  11 ball pythons
  4 bats
  8 endoplasms
  6 giant cockroaches
  9 goblins
  5 hobgoblins
  3 quokkas
  4 frilled lizards
  18 kobolds
  5 rats
207 creatures vanquished.

Vanquished Creatures (collateral kills)
  Gastronok (D:8)
1 creature vanquished.

Vanquished Creatures (others)
  An orc warrior (D:9)
1 creature vanquished.

Grand Total: 209 creatures vanquished

Notes
Turn   | Place    | Note
-------+----------+-------------------------------------------
     0 | D:1      | jlumianski the Gnoll Shapeshifter began the quest for the
                  | Orb.
     0 | D:1      | Reached XP level 1. HP: 17/17 MP: 1/1
   105 | D:1      | Reached XP level 2. HP: 23/23 MP: 2/2
   319 | D:1      | Reached XP level 3. HP: 28/28 MP: 3/3
   686 | D:2      | Reached skill level 1 in Invocations
   697 | D:2      | Noticed Natasha
   702 | D:2      | Killed Natasha
   703 | D:2      | Reached skill level 1 in Short Blades
   703 | D:2      | Reached skill level 1 in Long Blades
   703 | D:2      | Reached skill level 1 in Axes
   703 | D:2      | Reached skill level 1 in Maces & Flails
   703 | D:2      | Reached skill level 1 in Polearms
   703 | D:2      | Reached skill level 1 in Staves
   703 | D:2      | Reached skill level 1 in Ranged Weapons
   703 | D:2      | Reached skill level 1 in Throwing
   703 | D:2      | Reached skill level 1 in Armour
   703 | D:2      | Reached skill level 1 in Stealth
   703 | D:2      | Reached skill level 1 in Shields
   703 | D:2      | Reached skill level 1 in Spellcasting
   703 | D:2      | Reached skill level 1 in Evocations
   703 | D:2      | Reached XP level 4. HP: 34/34 MP: 5/5
   729 | D:2      | Noticed Natasha
   735 | D:2      | Killed Natasha
   736 | D:2      | Reached skill level 1 in Conjurations
   736 | D:2      | Reached skill level 1 in Hexes
   736 | D:2      | Reached skill level 1 in Summonings
   736 | D:2      | Reached skill level 1 in Necromancy
   736 | D:2      | Reached skill level 1 in Translocations
   736 | D:2      | Reached skill level 1 in Fire Magic
   736 | D:2      | Reached skill level 1 in Ice Magic
   736 | D:2      | Reached skill level 1 in Air Magic
   736 | D:2      | Reached skill level 1 in Earth Magic
   736 | D:2      | Reached skill level 1 in Alchemy
   739 | D:2      | Noticed Natasha
   747 | D:2      | Killed Natasha
   866 | D:2      | Found Xodatoh's Book Shop.
   884 | D:2      | Reached XP level 5. HP: 40/40 MP: 7/7
   887 | D:2      | Found a shimmering blue altar of Sif Muna.
  1638 | D:4      | Found a runed translucent gate.
  1638 | D:4      | Found a runed translucent gate.
  1638 | D:4      | Found a runed translucent gate.
  1639 | D:4      | Noticed a kobold brigand
  1640 | D:4      | Noticed Jose's ghost (amateur FoFi)
  1805 | D:4      | Reached XP level 6. HP: 47/47 MP: 8/8
  1824 | D:4      | Found a glowing drain.
  1843 | Sewer    | Entered a sewer
  1843 | Sewer    | Noticed Pargi
  1860 | Sewer    | Killed Pargi
  1861 | Sewer    | Reached skill level 5 in Dodging
  1980 | Sewer    | Identified the ring of Res Nullius {Ice *Slow Str+2 Stlth+}
  2009 | Sewer    | Reached XP level 7. HP: 49/52 MP: 10/10
  2161 | D:3      | Reached skill level 7 in Unarmed Combat
  2353 | D:3      | You fall into a shaft and drop 3 floors!
  2444 | D:5      | Entered Level 5 of the Dungeon
  2704 | D:5      | Noticed Blork the orc
  2713 | D:5      | Killed Blork the orc
  2938 | D:5      | Reached XP level 8. HP: 60/60 MP: 12/12
  3180 | D:3      | Killed Jose's ghost
  4344 | D:5      | Found a staircase to the Ecumenical Temple.
  4353 | Temple   | Entered the Ecumenical Temple
  4391 | Temple   | Became a worshipper of the Wu Jian Council
  4594 | D:6      | Found Tulecred's Jewellery Boutique.
  5222 | D:6      | Reached XP level 9. HP: 60/66 MP: 14/14
  5349 | D:7      | Reached skill level 5 in Fighting
  5446 | D:6      | Found a white marble altar of Elyvilon.
  5658 | D:7      | Reached skill level 8 in Unarmed Combat
  5658 | D:7      | Noticed Menkaure
  5665 | D:7      | Killed Menkaure
  5770 | D:7      | Reached skill level 5 in Invocations
  6364 | D:7      | Noticed Dowan
  6374 | D:7      | Killed Dowan
  6375 | D:7      | Noticed Duvessa
  6395 | D:7      | Killed Duvessa
  6526 | D:8      | Reached * piety under Wu Jian
  6716 | D:7      | Reached skill level 5 in Short Blades
  6716 | D:7      | Reached skill level 5 in Long Blades
  6716 | D:7      | Reached skill level 5 in Axes
  6716 | D:7      | Reached skill level 5 in Maces & Flails
  6716 | D:7      | Reached skill level 5 in Polearms
  6716 | D:7      | Reached skill level 5 in Staves
  6716 | D:7      | Reached skill level 5 in Ranged Weapons
  6716 | D:7      | Reached skill level 5 in Throwing
  6716 | D:7      | Reached skill level 5 in Armour
  6716 | D:7      | Reached skill level 5 in Stealth
  6716 | D:7      | Reached skill level 5 in Shields
  6716 | D:7      | Reached skill level 5 in Spellcasting
  6716 | D:7      | Reached skill level 5 in Evocations
  6716 | D:7      | Reached XP level 10. HP: 74/76 MP: 17/17
  8501 | D:9      | Found Ibichoyvutz's Armour Emporium.
  8508 | D:9      | Bought a +0 cloak of poison resistance for 93 gold pieces
  8678 | D:8      | Found a bloodstained altar of Trog.
  8683 | D:8      | Learned a level 3 spell: Mephitic Cloud
  8687 | D:8      | Learned a level 3 spell: Call Canine Familiar
  8692 | D:8      | Learned a level 3 spell: Summon Guardian Golem
  8696 | D:8      | Learned a level 3 spell: Dazzling Flash
  8733 | D:8      | Found Libruczi's Neck Hole.
  8741 | D:8      | Noticed Gastronok
  8764 | D:8      | Killed Gastronok
  9143 | D:10     | Entered Level 10 of the Dungeon
  9222 | D:9      | Reached ** piety under Wu Jian
  9398 | D:9      | Noticed Erolcha
  9412 | D:9      | Reached skill level 9 in Unarmed Combat
  9464 | D:9      | Reached skill level 5 in Conjurations
  9464 | D:9      | Reached skill level 5 in Hexes
  9464 | D:9      | Reached skill level 5 in Summonings
  9464 | D:9      | Reached skill level 5 in Necromancy
  9464 | D:9      | Reached skill level 5 in Translocations
  9464 | D:9      | Reached skill level 5 in Fire Magic
  9464 | D:9      | Reached skill level 5 in Ice Magic
  9464 | D:9      | Reached skill level 5 in Air Magic
  9464 | D:9      | Reached skill level 5 in Earth Magic
  9464 | D:9      | Reached skill level 5 in Alchemy
  9464 | D:9      | Reached XP level 11. HP: 32/83 MP: 20/20
  9953 | Abyss:2  | Cast into level 2 of the Abyss (Erolcha)
 10048 | Abyss:2  | Noticed a wretched star
 10066 | Abyss:2  | Killed a wretched star
 10068 | Abyss:2  | Found a corrupted altar of Lugonu.
 10086 | Abyss:2  | Noticed a brown very ugly thing
 10098 | Abyss:2  | Noticed a brown very ugly thing
 10098 | Abyss:2  | Noticed a large abomination
 10100 | Abyss:2  | Noticed a brown ugly thing
 10100 | Abyss:2  | HP: 2/83 [large abomination (19)]
 10100 | Abyss:2  | Noticed a brown ugly thing
 10100 | Abyss:2  | Slain by a brown very ugly thing

Illustrated notes

Levels and vault maps discovered:
D:1:      ncdulo_halloftheorcs, layout_rooms, serial_rivers,
          chequers_serial_rivers_marsh, chequers_serial_rivers_micro_e,
          chequers_serial_rivers_marsh, chequers_serial_rivers_micro_b,
          minmay_domino_2
D:2:      layout_rooms, serial_shops, nicolae_book_shop_shelving, basic_altar,
          minmay_vboxes, uniq_natasha
D:3:      layout_loops_corners, minmay_ruptured
D:4:      layout_rooms, portal_sewer_entry_e, gammafunk_ghost_nasty_kobolds
D:5:      layout_rooms, temple_hall, uniq_blork_the_orc
D:6:      layout_rooms, nicolae_elyvilon_peaceful_grove, serial_shops,
          nicolae_shop_back_alley_shop, serial_library_hellmonk_filled_rooms,
          minmay_misc_feat_secret_circle
D:7:      layout_basic, uniq_duvessa, uniq_menkaure
D:8:      layout_basic, kennysheep_mini_moat, nicolae_shop_sticking_my_neck_out,
          uniq_gastronok
D:9:      layout_basic, minitemple, mainiacjoe_overflow_alcove_1,
          dpeg_oklobed_lair, special_room [special_room_bee], kennysheep_donut,
          nicolae_stop_n_shop_1, uniq_maggie, uniq_erolcha
D:10:     layout_long_grid, mainiacjoe_overflow_tiny_flanked,
          corexii_checkpoint, st_stairs_1, nicolae_shop_i_like_small_books_too,
          uniq_urug
Temple:   nicolae_temple_elliptical
Abyss:2:  base:
D:5

Skill      XL: |  1  2  3  4  5  6  7  8  9 10 |
---------------+-------------------------------+-----
Invocations    | 1 2 3 4 5 6 |  6.9
Short Blades   | 1 2 3 5 6 |  6.2
Long Blades    | 1 2 3 5 6 |  6.2
Axes           | 1 2 3 5 6 |  6.2
Maces & Flails | 1 2 3 5 6 |  6.2
Polearms       | 1 2 3 5 6 |  6.2
Staves         | 1 2 3 5 6 |  6.2
Ranged Weapons | 1 2 3 5 6 |  6.2
Throwing       | 1 2 3 5 6 |  6.2
Armour         | 1 2 3 5 6 |  6.2
Stealth        | 1 2 3 5 6 |  6.2
Shields        | 1 2 3 5 6 |  6.2
Spellcasting   | 1 2 3 5 6 |  6.2
Evocations     | 1 2 3 5 6 |  6.2
Conjurations   | 1 2 3 4 5 |  5.2
Hexes          | 1 2 3 4 5 |  5.2
Summonings     | 1 2 3 4 5 |  5.2
Necromancy     | 1 2 3 4 5 |  5.2
Translocations | 1 2 3 4 5 |  5.2
Fire Magic     | 1 2 3 4 5 |  5.2
Ice Magic      | 1 2 3 4 5 |  5.2
Air Magic      | 1 2 3 4 5 |  5.2
Earth Magic    | 1 2 3 4 5 |  5.2
Alchemy        | 1 2 3 4 5 |  5.2
Fighting       | 3 4 5 6 |  6.8
Dodging        | 5 6 7 |  7.8
Unarmed Combat | 7 8 9 |  9.2
Shapeshifting  | 7 8 |  8.8

Action                     |  1- 3 |  4- 6 |  7- 9 | 10-12 || total
---------------------------+-------+-------+-------+-------++-------
  Melee: Unarmed           |    58 |   108 |    68 |   340 ||   574
         Bite              |     1 |    16 |    29 |    57 ||   103
         Punch             |       |     5 |     8 |       ||    13
         Demon trident     |       |       |   205 |     4 ||   209
  Throw: Dart              |       |       |     1 |       ||     1
   Cast: Call Canine Famil |       |       |       |     2 ||     2
         Summon Guardian G |       |       |       |     2 ||     2
         Mephitic Cloud    |       |       |       |     2 ||     2
         Dazzling Flash    |       |       |       |     2 ||     2
Ability: Lunge             |       |       |    14 |    15 ||    29
         Whirlwind         |       |       |     1 |    12 ||    13
         Wall Jump         |       |       |       |    23 ||    23
    Use: Scroll            |       |     7 |     8 |     1 ||    16
         Potion            |       |     3 |     3 |     1 ||     7
   Stab: Sleeping          |     1 |       |       |       ||     1
 Armour: Animal skin       |     3 |       |       |       ||     3
         Chain mail        |    29 |    46 |   179 |     2 ||   256
         Skin              |       |    17 |       |   153 ||   170
  Dodge: Dodged            |    26 |    68 |   196 |   467 ||   757
   Form: Flux              |       |       |       |     1 ||     1

Table legend: (Time is in decaauts)
 A = Elapsed time spent in this place.
 B = Non-inter-level travel time spent in this place.
 C = Inter-level travel time spent in this place.
 D = Time resting spent in this place.
 E = Time spent auto-exploring this place.
 F = Levels seen in this place.
 G = Mean time per level.
                   A        B        C        D        E       F      G
               +--------+--------+--------+--------+--------+-----+--------+
         Total |  10129 |   9856 |    273 |   2372 |   3659 |  13 |  779.2 |
       Dungeon |   9674 |   9401 |    273 |   2236 |   3659 |  10 |  967.4 |
        Temple |     78 |     78 |      0 |      0 |      0 |   1 |   78.0 |
         Abyss |    147 |    147 |      0 |    110 |      0 |   1 |  147.0 |
         Sewer |    228 |    228 |      0 |     26 |      0 |   1 |  228.0 |
               +--------+--------+--------+--------+--------+-----+--------+

Top non-repeatable levels by time:
     D:8: 1798 daAuts
     D:7: 1665 daAuts
     D:3: 1572 daAuts
     D:6: 1136 daAuts
     D:9: 1008 daAuts
     D:4: 772 daAuts
     D:5: 610 daAuts
     D:2: 571 daAuts
     D:1: 531 daAuts
   Sewer: 228 daAuts
 Abyss:2: 147 daAuts
  Temple: 78 daAuts
    D:10: 6 daAuts
